AoeStats
← Tootalelle

Arena

504042964Analyzed
1v1 RM · 1mo ago on Sep 3, 2026· 36m 5s· 2 players
Game mode
Random Map
Map size
Tiny (2 player)
Population
200
Speed
Normal
Resources
Standard
Victory
Conquest
Starting age
Dark Age
Ending age
Imperial Age
RankedLock teamsTeams togetherTeam positionsShared explorationLock speedFull tech treeHidden civsTurbo modeCheats
Victory
Defeat
🇬🇧 Wei · United Kingdom
960
+16
🇮🇳 Celts · India
956
-46
Tootalelle
12:48 Feudal Age
16:21 Wheelbarrow
18:12 Castle Age
17:01 Double-Bit Axe
17:06 Horse Collar
18:14 Stone Mining
18:16 Gold Mining
22:55 Bow Saw
26:32 Town Watch
27:10 Hand Cart
28:44 Heavy Plow
29:51 Pikeman
31:57 Forging
33:26 Ballistics
33:03 Murder Holes
33:19 Fortified Wall
33:37 Forging
33:28 Scale Mail Armor
I Nathaan I
12:53 Feudal Age
15:00 Wheelbarrow
17:21 Castle Age
15:41 Double-Bit Axe
15:45 Horse Collar
16:41 Gold Mining
16:45 Stone Mining
18:37 Bow Saw
18:32 Heavy Plow
18:30 Light Cavalry
22:34 Scale Barding Armor
23:49 Hand Cart
24:05 Town Watch
24:09 Loom
25:40 Town Patrol
30:37 Imperial Age
28:12 Fletching
28:23 Padded Archer Armor
29:26 Stone Shaft Mining
29:28 Gold Shaft Mining
28:54 Bodkin Arrow
29:13 Bloodlines
29:49 Ballistics
30:15 Thumb Ring
30:16 Tuntian
30:55 Leather Archer Armor
31:54 Parthian Tactics
32:05 Bracer
32:35 Ring Archer Armor
32:31 Conscription
32:15 Treadmill Crane
33:37 Chemistry
34:52 Ming Guang Armor
35:04 Hussar
36:05 Chain Barding Armor
35:56 Forging
Connection lost

Rejoining the realm…

Still unreachable

The connection could not be restored.

Session expired

The server has moved on; the page needs a fresh start.